 Dungeon Crawl Stone Soup version 0.25-a0-1007-g10a8c3caa8 (webtiles) character file.

Game seed: 9580482967110821062, levelgen mode: deterministic

3331 MisterFreud the Nimble (level 10, -2/63 HPs)
             Began as an Octopode Gladiator on May 11, 2020.
             Was a Follower of Cheibriados.
             Slain by a skeletal warrior
             ... wielding a cursed -3 halberd
             ... led by a skeletal warrior
              (19 damage)
             ... on level 7 of the Dungeon.
             The game lasted 00:08:32 (8188 turns).

MisterFreud the Nimble (Octopode Gladiator)         Turns: 8188, Time: 00:08:33

Health: -2/63      AC:  1    Str: 16    XL:     10   Next: 2%
Magic:  14/14      EV: 19    Int: 15    God:    Cheibriados [*.....]
Gold:   311        SH:  5    Dex: 16    Spells: 9/9 levels left

rFire    . . .     SeeInvis .   a - +1 long sword
rCold    . . .     Gourm    .   y - +0 buckler
rNeg     . . .     Faith    .   b - +0 hat
rPois    .         Spirit   .   (no amulet)
rElec    .         Reflect  .   D - ring of flight
rCorr    .         Harm     .   (no ring)
MR       .....                  (no ring)
Stlth    ++........             (no ring)
HPRegen  0.20/turn              (no ring)
MPRegen  0.14/turn              (no ring)
                                (no ring)
                                (no ring)

@: mighty, very slow
A: almost no armour, stealthy swim, amphibious, 8 rings, constrict 8, camouflage
1, gelatinous body 1
a: Bend Time, Renounce Religion, Evoke Flight


You were on level 7 of the Dungeon.
You worshipped Cheibriados.
Cheibriados was aware of your devotion.
You were not hungry.

You visited 2 branches of the dungeon, and saw 8 of its levels.

You collected 311 gold pieces.

Inventory:

Hand Weapons
 a - a +1 long sword (weapon)
Missiles
 c - 4 throwing nets (quivered)
 e - 154 stones
 g - 94 arrows
 j - 119 bolts
 n - 9 poisoned darts
 s - 7 javelins
 B - 3 boomerangs
Armour
 b - a +0 hat (worn)
 k - a cursed +0 kite shield
 y - a +0 buckler (worn)
Jewellery
 D - a ring of flight (left tentacle)
Wands
 i - a wand of clouds (6)
 C - a wand of flame (13)
Scrolls
 f - a scroll of enchant weapon
 h - 6 scrolls of remove curse
 l - 3 scrolls of teleportation
 o - a scroll of magic mapping {unknown}
 p - a scroll of enchant armour {unknown}
 z - a scroll of amnesia
 A - a scroll of holy word {unknown}
Potions
 m - a potion of brilliance
 q - a potion of magic
 r - a potion of curing
 t - a potion of resistance
 v - a potion of stabbing {unknown}
 x - a potion of might
 E - a potion of mutation {unknown}
 G - a potion of haste {unknown}
Comestibles
 d - 14 rations
 u - 4 chunks of flesh


   Skills:
 - Level 4.0 Fighting
 + Level 7.9 Long Blades
 - Level 2.0 Throwing
 - Level 8.0 Dodging
 - Level 4.0 Shields
 + Level 5.4 Invocations
 + Level 5.4 Evocations


You had 9 spell levels left.
You didn't know any spells.
Your spell library contained the following spells:

 Spells                   Type           Power        Failure   Level  Hunger
 Animate Skeleton         Necr           N/A          26%         1    ##.....
 Apportation              Tloc           #.....       26%         1    ##.....
 Corona                   Hex            #......      26%         1    ##.....
 Summon Small Mammal      Summ           #...         26%         1    ##.....
 Ensorcelled Hibernation  Hex/Ice        #.....       38%         2    ###....
 Confusing Touch          Hex            #.......     63%         3    ####...
 Dazzling Flash           Conj/Hex       #.....       63%         3    ####...
 Tukima's Dance           Hex            #.......     63%         3    ####...


Dungeon Overview and Level Annotations

Branches:
Dungeon (7/15)             Temple (1/1) D:6

Altars:
Cheibriados
Elyvilon
Fedhas
Hepliaklqana
Kikubaaqudgha
Okawaru
Sif Muna
Trog


Innate Abilities, Weirdness & Mutations

You cannot wear most types of armour.
You are very stealthy in the water. (Stealth+)
You are amphibious.
You can wear up to eight rings at the same time.
You can use your tentacles to constrict eight enemies at once.
Your skin changes colour to match your surroundings (Stealth+).
Your rubbery body absorbs attacks. (AC +1, EV +1)


Message History

Unknown command.
You feel much better.
You constrict the skeletal warrior.
The skeletal warrior completely misses you.
You barely miss the skeletal warrior.
The skeletal warrior is moderately damaged.
You constrict the skeletal warrior.
The skeletal warrior hits you with a cursed -3 halberd!!
* * * LOW HITPOINT WARNING * * *
You hit the skeletal warrior but do no damage.
The skeletal warrior is moderately damaged.
You constrict the skeletal warrior, but do no damage.
The skeletal warrior completely misses you.
You riposte.
You barely miss the skeletal warrior.
The skeletal warrior is moderately damaged.
You hit the skeletal warrior but do no damage.
You squeeze the skeletal warrior.
The skeletal warrior is heavily damaged.
You constrict the skeletal warrior, but do no damage.
The skeletal warrior hits you with a cursed -3 halberd!!
You die...

#####.# #.#
......#####.# ###
####........# #..
..##........##.#
#.).........#.#
####.........#####
.................#
........[...)###?#
#####.......#.##@#
####.#####.#z# #.#
#.z. #.# ## ##.##
#.##.. $... #.##.#
#.## #.##.####.#
#.#.... ... ...#
########.#..#
##...#


You could see 2 skeletal warriors.

Vanquished Creatures
  2 skeletal warriors (D:7)
  A hornet (D:7)
  Grinder (D:3)
  Edmund (D:4)
  An ice beast (D:7)
  2 sky beasts (D:7)
  A phantom (D:7)
  5 ogres
  A centaur (D:6)
  2 bullfrogs
  A howler monkey (D:5)
  A crimson imp (D:7)
  A quasit (D:7)
  A centaur zombie (D:2)
  A centaur skeleton (D:7)
  2 hounds
  An orc wizard (D:6)
  An orc priest (D:6)
  2 bullfrog skeletons
  Jessica (D:2)
  Terence (D:2)
  3 iguanas
  4 worker ants
  3 gnolls (D:4)
  3 adders
  An ooze (D:1)
  3 worms (D:2)
  2 dart slugs
  4 leopard geckos
  14 orcs
  3 ball pythons
  9 bats
  4 giant cockroaches
  10 goblins
  14 hobgoblins
  7 jackals (D:7)
  21 kobolds
  6 frilled lizards
  A giant cockroach zombie (D:5)
  A quokka skeleton (D:7)
  6 rats
149 creatures vanquished.

Vanquished Creatures (others)
  A hound (D:5)
  An adder (D:5)
2 creatures vanquished.

Grand Total: 151 creatures vanquished

Notes
Turn   | Place    | Note
-------+----------+-------------------------------------------
     0 | D:1      | MisterFreud the Octopode Gladiator began the quest for the
                  | Orb.
     0 | D:1      | Reached XP level 1. HP: 14/14 MP: 1/1
   137 | D:1      | Reached XP level 2. HP: 19/20 MP: 2/2
   599 | D:1      | Reached XP level 3. HP: 26/26 MP: 3/3
  1508 | D:2      | Reached XP level 4. HP: 18/33 MP: 4/4
  1675 | D:2      | Noticed Jessica
  1680 | D:2      | Killed Jessica
  1940 | D:2      | Noticed Terence
  1949 | D:2      | Reached XP level 5. HP: 22/37 MP: 5/5
  1951 | D:2      | Killed Terence
  2582 | D:3      | Noticed Grinder
  2592 | D:3      | Paralysed by Grinder for 2 turns
  2599 | D:3      | Killed Grinder
  2599 | D:3      | Reached XP level 6. HP: 43/43 MP: 6/6
  2978 | D:3      | Reached skill level 4 in Dodging
  3504 | D:4      | Reached XP level 7. HP: 39/48 MP: 7/7
  3786 | D:4      | Noticed Edmund
  3796 | D:4      | Killed Edmund
  3796 | D:4      | Reached skill level 5 in Dodging
  5332 | D:5      | Entered Level 5 of the Dungeon
  5724 | D:5      | Reached skill level 6 in Dodging
  5724 | D:5      | Reached skill level 1 in Shields
  5926 | D:5      | Found a white marble altar of Elyvilon.
  6062 | D:6      | Found a staircase to the Ecumenical Temple.
  6073 | D:6      | Reached XP level 8. HP: 22/54 MP: 8/8
  6080 | Temple   | Entered the Ecumenical Temple
  6369 | Temple   | Became a worshipper of Cheibriados the Contemplative
  6664 | D:6      | Reached skill level 7 in Dodging
  7101 | D:7      | Noticed a skeletal warrior
  7122 | D:7      | Killed a skeletal warrior
  7122 | D:7      | Reached skill level 8 in Dodging
  7122 | D:7      | Reached XP level 9. HP: 4/58 MP: 8/10
  7849 | D:7      | Reached * piety under Cheibriados
  7986 | D:7      | Noticed a hornet
  7994 | D:7      | Killed a hornet
  8101 | D:7      | Noticed a skeletal warrior
  8111 | D:7      | Killed a skeletal warrior
  8111 | D:7      | Reached skill level 5 in Invocations
  8111 | D:7      | Reached skill level 5 in Evocations
  8111 | D:7      | Reached XP level 10. HP: 51/63 MP: 12/14
  8175 | D:7      | Noticed a skeletal warrior
  8181 | D:7      | Noticed a skeletal warrior
  8188 | D:7      | Slain by a skeletal warrior

Illustrated notes

Levels and vault maps discovered:
D:1:      grunt_arrival_crossed_arrows, layout_basic, minivault_27,
          item_on_display_a
D:2:      layout_rooms, first_ration, minmay_misc_feat_alley,
          serial_park_tiny_2, amethyst_killhole, uniq_jessica, uniq_terence
D:3:      layout_basic, fountainhead, uniq_grinder
D:4:      corexii_shantytown, layout_basic, uniq_edmund
D:5:      layout_rooms, kennysheep_ying_yang, lemuel_flamethrower_2
D:6:      layout_loops_ring, minmay_temple_entry_statues_pillars
D:7:      layout_loops_ring
Temple:   compressed_dpeg_triangle_lava_temple

Skill      XL: |  1  2  3  4  5  6  7  8  9 |
---------------+----------------------------+-----
Fighting       | 3 4 |  4.0
Long Blades    | 4 6 7 |  7.9
Dodging        | 4 6 8 |  8.0
Shields        | 2 4 |  4.0
Invocations    | 2 5 |  5.4
Evocations     | 2 5 |  5.4
Throwing       | |  2.0

Action                   |  1- 3 |  4- 6 |  7- 9 | 10-12 || total
-------------------------+-------+-------+-------+-------++-------
Melee: Long sword        |    56 |    67 |   221 |     7 ||   351
       Tentacles         |    10 |    15 |    74 |     4 ||   103
       Constrict         |    13 |    21 |    50 |     1 ||    85
  Use: Scroll            |       |       |    11 |       ||    11
       Potion            |       |       |     4 |     2 ||     6
 Stab: Sleeping          |     7 |     5 |    12 |       ||    24
  Eat: Chunk             |     1 |     5 |    13 |     1 ||    20
       Ration            |       |     1 |       |       ||     1
Armor: Skin              |     4 |     4 |     4 |       ||    12
Dodge: Dodged            |    38 |    57 |   151 |     5 ||   251
Block: Buckler           |       |       |    20 |       ||    20
       Rpst.: Long sword |    10 |    14 |    57 |     2 ||    83

Table legend:
 A = Non-vault XP
 B = Vault XP
 C = Vault XP percentage of total XP
 D = Non-vault monster count
 E = Vault monster count
 F = Vault count percentage of total count
                 A         B        C        D         E       F
            +---------+---------+-------+---------+---------+-------
      Total |    4135 |     624 |  13.1 |     106 |      43 |  28.9
            +---------+---------+-------+---------+---------+-------
        D:1 |      50 |       0 |   0.0 |      27 |       0 |   0.0
        D:2 |     101 |      73 |  42.0 |      20 |       2 |   9.1
        D:3 |      83 |     272 |  76.6 |      13 |       1 |   7.1
        D:4 |      77 |     279 |  78.4 |       3 |      40 |  93.0
        D:5 |     196 |       0 |   0.0 |       5 |       0 |   0.0
        D:6 |     525 |       0 |   0.0 |      11 |       0 |   0.0
        D:7 |    3103 |       0 |   0.0 |      27 |       0 |   0.0
            +---------+---------+-------+---------+---------+-------
